 Dungeon Crawl Stone Soup version 0.27.0-1-g7a089689b8 (webtiles) character file.

Game seed: 10094074171544957916

2453 sasquatch the Carver (level 9, 0/70 HPs)
             Began as a Minotaur Fighter on Aug 8, 2021.
             Succumbed to a killer bee's poison
             ... on level 6 of the Dungeon.
             The game lasted 00:08:44 (8336 turns).

sasquatch the Carver (Minotaur Fighter)             Turns: 8336, Time: 00:08:45

Health: 0/70       AC:  6    Str: 24    XL:     9   Next: 25%
Magic:  8/8        EV:  7    Int:  5    God:
Gold:   318        SH:  9    Dex: 10    Spells: 8/8 levels left

rFire    + . .     SeeInvis .   p - +0 long sword (flame)
rCold    + . .     Faith    .   c - +0 kite shield
rNeg     . . .     Spirit   .   b - +0 scale mail
rPois    +         Reflect  .   (helmet restricted)
rElec    +         Harm     .   (no cloak)
rCorr    +         Rampage  .   (no gloves)
Will     .....                  (no boots)
Stlth    ..........             (no amulet)
HPRegen  0.21/turn              (no ring)
MPRegen  0.11/turn              (no ring)

@: mighty, brilliant, lethally poisoned (0 -> -8), resistant
A: horns 2, retaliatory headbutt
a: no special abilities


You were on level 6 of the Dungeon.
You visited 1 branch of the dungeon, and saw 7 of its levels.

You collected 318 gold pieces.

Inventory:

Hand Weapons
 p - a +0 long sword of flaming (weapon)
Missiles
 o - 8 poisoned darts (quivered)
 y - 6 atropa-tipped darts
Armour
 b - a +0 scale mail (worn)
 c - a +0 kite shield (worn)
 l - a +0 chain mail
Jewellery
 s - a ring of fire
Scrolls
 e - 7 scrolls of identify {unknown}
 f - 5 scrolls of amnesia {unknown}
 i - 3 scrolls of blinking {unknown}
 j - a scroll of fear {unknown}
 n - a scroll of brand weapon {unknown}
 r - a scroll of magic mapping {unknown}
 t - a scroll of teleportation {unknown}
 u - a scroll of enchant weapon {unknown}
 w - 2 scrolls of vulnerability {unknown}
 x - a scroll of immolation {unknown}
Potions
 a - a potion of lignification {unknown}
 d - 2 potions of might
 g - 3 potions of brilliance
 h - 2 potions of resistance
 k - 2 potions of haste {unknown}
 m - a potion of invisibility {unknown}
 q - a potion of degeneration {unknown}
 v - a potion of heal wounds {unknown}
 z - a potion of flight {unknown}


   Skills:
 - Level 3.6 Fighting
 + Level 14.3 Long Blades
 - Level 3.6 Armour
 - Level 3.6 Shields


You had 8 spell levels left.
You didn't know any spells.
Your spell library was empty.

Dungeon Overview and Level Annotations

Branches:
Dungeon (7/15)             Temple (0/1) D:7

Altars:
Ashenzari
Elyvilon
Qazlal
Sif Muna
Wu Jian
Zin


Innate Abilities, Weirdness & Mutations

You have a pair of horns on your head.
You reflexively headbutt those who attack you in melee.


Message History

You furiously retaliate!
You headbutt the killer bee! The killer bee closely misses you.
You riposte.
You completely miss the killer bee. Your headbutt misses the killer bee.
The killer bee is heavily wounded.
The killer bee stings you!
You feel sick. You block the killer bee's attack. x2
The killer bee barely misses you.
You feel very mighty all of a sudden.
You feel sick. You block the killer bee's attack.
The killer bee closely misses you. The killer bee stings you.
* * * LOW HITPOINT WARNING * * *
The killer bee barely misses you.
You slice the killer bee!! You burn the killer bee.
You kill the killer bee!
You feel sick. You block the killer bee's attack. x2
The killer bee stings you.
* * * LOW HITPOINT WARNING * * *
You miss the killer bee. Your headbutt misses the killer bee.
The killer bee is heavily wounded.
You feel sick. You block the killer bee's attack. The killer bee stings you.
* * * LOW HITPOINT WARNING * * *
The killer bee barely misses you.
You barely miss the killer bee. Your headbutt misses the killer bee.
The killer bee is heavily wounded.
You feel sick. The killer bee barely misses you.
The killer bee closely misses you. The killer bee stings you.
* * * LOW HITPOINT WARNING * * *
You are lethally poisoned!
The killer bee poisons you!
It was a potion of brilliance.
You feel clever all of a sudden.
* * * LOW HITPOINT WARNING * * *
You feel sick. You block the killer bee's attack.
The killer bee closely misses you. The killer bee barely misses you.
You furiously retaliate!
You headbutt the killer bee! The killer bee stings you.
* * * LOW HITPOINT WARNING * * *
It was a potion of resistance.
You feel protected.
You die...

#........#........
##.......##........
###.......##.........
##.#...............##.
#............>.....###
####..>.....)......# #
##.............##
#yy#..........#
##@##..........#
##..##..........#
###..###..........###
#.....#..####.......##
######..#..#
####......
#.........## ##.....
#.........# #....#
#.........# #....#
##........# ##....#


You could see 2 killer bees.

Vanquished Creatures
  5 black bears
  An ice beast (D:6)
  2 necrophages
  2 centaurs
  2 ogres
  A phantom (D:6)
  A bullfrog (D:6)
  4 scorpions
  2 water moccasin skeletons
  A killer bee (D:6)
  A centaur zombie (D:5)
  3 orc priests
  4 jellies
  4 bullfrog skeletons
  6 hounds
  Jessica (D:3)
  Terence (D:2)
  2 iguanas
  3 hound skeletons
  A howler monkey skeleton (D:4)
  6 adders
  6 gnolls
  A white imp (D:7)
  2 ufetubi
  2 worms
  2 dart slugs (D:4)
  14 orcs
  7 ball pythons
  2 endoplasms
  2 giant cockroaches
  4 goblins
  6 hobgoblins
  9 jackals
  5 quokkas
  4 bats
  2 frilled lizards (D:3)
  9 kobolds
  8 rats
138 creatures vanquished.

Vanquished Creatures (others)
  2 fungi (D:3)
  6 plants
8 creatures vanquished.

Grand Total: 146 creatures vanquished

Notes
Turn   | Place    | Note
-------+----------+-------------------------------------------
     0 | D:1      | sasquatch the Minotaur Fighter began the quest for the Orb.
     0 | D:1      | Reached XP level 1. HP: 19/19 MP: 0/0
   266 | D:1      | Reached skill level 3 in Long Blades
   280 | D:1      | Reached XP level 2. HP: 23/26 MP: 1/1
   966 | D:1      | Reached skill level 4 in Long Blades
  1296 | D:2      | Reached XP level 3. HP: 31/31 MP: 2/2
  1529 | D:2      | Noticed Terence
  1536 | D:2      | Killed Terence
  1537 | D:2      | Reached skill level 5 in Long Blades
  1715 | D:2      | Reached XP level 4. HP: 34/39 MP: 3/3
  1766 | D:2      | Noticed an ogre
  1775 | D:2      | HP: 1/39 [ogre (16)]
  1776 | D:2      | Killed an ogre
  1777 | D:2      | Reached skill level 6 in Long Blades
  1777 | D:2      | Reached XP level 5. HP: 1/45 MP: 4/4
  2510 | D:3      | Noticed a black bear
  2683 | D:3      | Noticed Jessica
  2688 | D:3      | Killed Jessica
  2689 | D:3      | Reached skill level 7 in Long Blades
  2810 | D:3      | Found a shimmering blue altar of Sif Muna.
  3250 | D:3      | Found a faded altar of an unknown god.
  3369 | D:3      | Reached XP level 6. HP: 29/51 MP: 5/5
  3974 | D:3      | Reached skill level 8 in Long Blades
  4279 | D:4      | Reached skill level 9 in Long Blades
  4456 | D:4      | Reached XP level 7. HP: 39/57 MP: 6/6
  4752 | D:5      | Entered Level 5 of the Dungeon
  4794 | D:5      | Reached skill level 10 in Long Blades
  5033 | D:5      | Reached skill level 11 in Long Blades
  5098 | D:5      | Reached XP level 8. HP: 52/64 MP: 7/7
  5598 | D:5      | Found an ornate altar of the Wu Jian Council.
  5804 | D:6      | Reached skill level 12 in Long Blades
  5967 | D:6      | Found a white marble altar of Elyvilon.
  6528 | D:6      | Found a broken altar of Ashenzari.
  6586 | D:6      | Reached skill level 13 in Long Blades
  6725 | D:6      | Found a stormy altar of Qazlal.
  6996 | D:6      | Reached XP level 9. HP: 48/70 MP: 8/8
  7059 | D:6      | Reached skill level 14 in Long Blades
  7793 | D:6      | Identified the +0 robe of Ihomnoho {Int+2}
  8315 | D:7      | Found a glowing silver altar of Zin.
  8318 | D:7      | Found a staircase to the Ecumenical Temple.
  8335 | D:6      | HP: 1/70 [killer bee (3)]
  8336 | D:6      | Succumbed to a killer bee's poison

Illustrated notes

Levels and vault maps discovered:
D:1:      minmay_arrival_split_and_join, layout_basic, minmay_splitting_lines
D:2:      layout_basic, chequers_big_river, st_stairs_8, uniq_terence
D:3:      minmay_door_path, layout_basic, mainiacjoe_overflow_catwalk,
          shapermc_ecumenical_altar_mp_urbaneastern, uniq_jessica
D:4:      layout_cave_pools, nrook_uturn
D:5:      layout_cave_pools, nicolae_overflow_hidden_temple
D:6:      minmay_clustersquares, layout_layer_cave, general_overflow_altar,
          nicolae_qazlal_style_of_elements, nicolae_ashenzari_skybound
D:7:      layout_cave_pools, mainiacjoe_overflow_tiny_flanked,
          nicolae_uskayaw_dance_studio, minmay_temple_entry_statues_fountains,
          serial_gnoll_camp, gnoll_camp_mini_doghouse, gnoll_camp_mini_shop,
          grums_kennel, gnoll_camp_mini_hut

Skill      XL: |  1  2  3  4  5  6  7  8  9 |
---------------+----------------------------+-----
Long Blades    | 3 4 5 6 7 9 11 13 14 | 14.3
Fighting       | |  3.6
Armour         | |  3.6
Shields        | |  3.6

Action                   |  1- 3 |  4- 6 |  7- 9 || total
-------------------------+-------+-------+-------++-------
Melee: Long sword        |    78 |   155 |   171 ||   404
       Headbutt          |    13 |    30 |    42 ||    85
Throw: Dart              |       |       |     1 ||     1
  Use: Potion            |       |       |     3 ||     3
Armor: Scale mail        |    31 |    57 |    53 ||   141
Dodge: Dodged            |    19 |    48 |    76 ||   143
Block: Kite shield       |    43 |   113 |    93 ||   249
       Rpst.: Long sword |     7 |    16 |    16 ||    39
